 Dungeon Crawl Stone Soup version 0.30-a0-358-g0d69a1922f (webtiles) character file.

Game seed: 7728343487813034766

40 mopl the Sneak (level 3, -2/26 HPs)
             Began as an Octopode Delver on Nov 9, 2022.
             Was an Initiate of the Shining One.
             Slain by a quokka (4 damage)
             ... on level 4 of the Dungeon.
             The game lasted 00:01:31 (301 turns).

mopl the Sneak (Octopode Delver)                     Turns: 301, Time: 00:01:32

Health: -2/26      AC:  1    Str: 11    XL:     3   Next: 50%
Magic:  4/4        EV: 13    Int: 14    God:    the Shining One [......]
Gold:   0          SH:  0    Dex: 13    Spells: 4/4 levels left

rFire   . . .      SeeInvis .    a - +0 short sword
rCold   . . .      Faith    .    (no shield)
rNeg    . . .      Spirit   .    (helmet restricted)
rPois   .          Reflect  .    (no amulet)
rElec   .          Harm     .    (no ring)
rCorr   .          Rampage  .    (no ring)
Will    .....                    (no ring)
Stlth   ++........               (no ring)
HPRegen 0.24/turn                (no ring)
MPRegen 0.09/turn                (no ring)
                                 (no ring)
                                 (no ring)

@: glowing
A: almost no armour, amphibious, 8 rings, camouflage 1, gelatinous body 1,
(nimble swimmer 1), tentacles
a: Renounce Religion


You were on level 4 of the Dungeon.
You worshipped the Shining One.
The Shining One was noncommittal.
You visited 1 branch of the dungeon, and saw 2 of its levels.

Inventory:

Hand Weapons
 a - a +0 short sword (weapon)
Wands
 f - a wand of digging (3)
Scrolls
 b - a scroll of fog
 c - a scroll of magic mapping
 d - a scroll of fear
Potions
 e - a potion of haste


   Skills:
 + Level 3.3 Fighting
 - Level 2.0 Short Blades
 + Level 2.4 Dodging
 + Level 6.9 Stealth
 + Level 1.0 Spellcasting
 + Level 1.2 Evocations


You had 4 spell levels left.
You didn't know any spells.
Your spell library was empty.

Dungeon Overview and Level Annotations

Branches:
Dungeon (5/15)
 Temple: D:4-7

Altars:
Sif Muna
The Shining One


Innate Abilities, Weirdness & Mutations

You cannot wear most types of armour.
You are amphibious.
You can wear up to eight rings at the same time.
Your skin changes colour to match your surroundings (Stealth+).
Your rubbery body absorbs attacks. (AC +1, EV +1)
((You are camouflaged when in or above water. (Stealth+)))
You have tentacles for arms and can constrict up to eight enemies at once.


Message History

The adder bites you.
You miss the adder. Your grab misses the adder.
The adder is moderately wounded.
The adder bites you.
You are poisoned.
The adder poisons you!
You barely miss the adder. You grab the adder.
The adder is moderately wounded.
You constrict the adder.
You feel sick. The adder bites you.
You are more poisoned.
The adder poisons you!
You hit the adder.
The adder is severely wounded.
You constrict the adder.
You feel sick. The adder barely misses you.
You hit the adder.
You kill the adder!
* * * LOW HITPOINT WARNING * * *
You feel sick.
Your Spellcasting skill increases to level 1!
You feel sick.
You feel sick.
You feel sick.
You feel sick.
You feel sick.
You feel sick.
You feel sick.
You are no longer poisoned.
You hear the hiss of a very distant avalanche of sand.
A quokka comes into view.
The quokka moves out of view.
The quokka barely misses you.
You barely miss the quokka. Your grab misses the quokka. The quokka bites you.
* * * LOW HITPOINT WARNING * * *
You barely miss the quokka. You grab the quokka.
You squeeze the quokka, but do no damage.
You constrict the quokka. The quokka barely misses you.
You barely miss the quokka.
The quokka is moderately wounded.
You constrict the quokka. The quokka bites you.
You die...

## .. #. # #.##
##.###..#
........##
........r# #.@.#
#.#.# #.#.#...#
........#
......#.#
#.#.#.#.########
# #.#.#........#
#.###..........#
......#........#


You could see a quokka.

Vanquished Creatures
  2 adders (D:4)
  A white imp (D:4)
  2 orcs (D:4)
  A hobgoblin (D:4)
  4 goblin skeletons (D:4)
  2 hobgoblin zombies (D:4)
  A kobold (D:4)
  2 kobold zombies (D:4)
  An orc skeleton (D:4)
  2 orc zombies (D:4)
18 creatures vanquished.

Notes
Turn   | Place    | Note
-------+----------+-------------------------------------------
     0 | D:5      | mopl the Octopode Delver began the quest for the Orb.
     0 | D:5      | Reached XP level 1. HP: 16/16 MP: 1/1
    21 | D:5      | Noticed a hound
    51 | D:4      | Noticed an orc wizard
    53 | D:4      | Noticed an orc wizard
    53 | D:4      | Noticed an orc wizard
    55 | D:4      | Noticed an orc wizard
    69 | D:4      | Reached XP level 2. HP: 17/21 MP: 2/2
    86 | D:4      | Found a shimmering blue altar of Sif Muna.
   121 | D:4      | Found a glowing golden altar of the Shining One.
   176 | D:4      | Became a worshipper of the Shining One
   190 | D:4      | Reached skill level 1 in Evocations
   190 | D:4      | Reached XP level 3. HP: 11/26 MP: 2/4
   280 | D:4      | Reached skill level 1 in Spellcasting
   301 | D:4      | Slain by a quokka

Illustrated notes

Levels and vault maps discovered:
D:4:      layout_rooms, nicolae_tso_besieged_by_evil,
          mainiacjoe_overflow_alcove_2, chequers_ossuary_entry_cave,
          minmay_misc_feat_nine_boxes, minmay_a_box_with_orc_wizards_in_it
D:5:      layout_cave_pools, moated_statue, uniq_sigmund, uniq_eustachio,
          uniq_edmund

Skill      XL: |  1  2  3 |
---------------+----------+-----
Evocations     | 1 |  1.2
Spellcasting   | 1 |  1.0
Fighting       | |  3.3
Short Blades   | |  2.0
Dodging        | |  2.4
Stealth        | |  6.9

Action                   || total
-------------------------++-------
Melee: Short sword       ||    48
       Constrict         ||    17
       Tentacles         ||    15
Armor: Skin              ||    10
Dodge: Dodged            ||    26

Table legend: (Time is in decaauts)
 A = Elapsed time spent in this place.
 B = Non-inter-level travel time spent in this place.
 C = Inter-level travel time spent in this place.
 D = Time resting spent in this place.
 E = Time spent auto-exploring this place.
 F = Levels seen in this place.
 G = Mean time per level.
                   A        B        C        D        E       F      G
               +--------+--------+--------+--------+--------+-----+--------+
         Total |    296 |    296 |      0 |      0 |     20 |   2 |  148.0 |
       Dungeon |    296 |    296 |      0 |      0 |     20 |   2 |  148.0 |
               +--------+--------+--------+--------+--------+-----+--------+

Top non-repeatable levels by time:
     D:4: 260 daAuts
     D:5: 36 daAuts
